 Dungeon Crawl Stone Soup version 0.17.0-24-gcfadda4 (console) character file.

949 gw the Demonic Disaster (level 7, -5/55 HPs)
             Began as a Demonspawn Fighter on Nov 16, 2015.
             Was a Believer of Qazlal.
             Slain by a sky beast (6 damage)
             ... on level 5 of the Dungeon.
             The game lasted 00:03:21 (4545 turns).

gw the Demonic Disaster (Demonspawn Fighter)        Turns: 4545, Time: 00:03:21

Health: -5/55      AC: 11    Str: 16    XL:     7   Next: 90%
Magic:  11/11      EV:  6    Int: 10    God:    Qazlal [**....]
Gold:   213        SH: 12    Dex: 14    Spells: 0 memorised, 6 levels left

rFire  . . .     SeeInvis .     b - +0 morningstar
rCold  + . .     Clarity  +     k - +0 plate armour
rNeg   . . .     SustAt   .     c - +0 shield
rPois  .         Gourm    .     j - +2 hat
rElec  .         Spirit   .     i - +0 cloak
rCorr  .         Warding  .     (no gloves)
rMut   .         Stasis   .     (no boots)
MR     .....                    l - amulet of clarity
Stlth  ..........               (no ring)
                                (no ring)

@: corroded equipment, repel missiles, not resistant to hostile enchantments,
extremely unstealthy
A: repulsion field 3, cold resistance 1, nightstalker 1
a: Upheaval, Renounce Religion


You were on level 5 of the Dungeon.
You worshipped Qazlal.
Qazlal was pleased with you.
You were not hungry.

You visited 1 branch of the dungeon, and saw 5 of its levels.

You collected 213 gold pieces.

Inventory:

Hand Weapons
 b - a +0 morningstar (weapon)
Missiles
 f - 157 stones (quivered)
 v - 9 poisoned needles
Armour
 c - a +0 shield (worn)
 i - a +0 cloak (worn)
 j - a +2 hat (worn)
 k - a +0 plate armour (worn)
Jewellery
 l - an amulet of clarity (around neck)
Scrolls
 p - 4 scrolls of identify
 q - 2 scrolls of teleportation
 t - a scroll of recharging
Potions
 d - a potion of might
 g - 2 potions of cancellation
 m - 3 potions of lignification
Comestibles
 e - 3 bread rations
 h - 4 fruits
 n - a royal jelly
 o - a meat ration
 u - a beef jerky


   Skills:
 + Level 4.5 Fighting
 + Level 3.6 Maces & Flails
 + Level 3.0 Throwing
 + Level 4.1 Armour
 + Level 3.9 Shields
 * Level 5.9 Invocations


You had 6 spell levels left.
You didn't know any spells.

Dungeon Overview and Level Annotations

Branches:
Dungeon (5/15)
 Temple: D:4-7

Altars:
Kikubaaqudgha
Qazlal
Ru


Innate Abilities, Weirdness & Mutations

You are surrounded by a strong repulsion field (EV +4, rMsl).
Your flesh is cold resistant.
You are slightly more attuned to the shadows.


Message History

The jelly is heavily wounded.
The jelly closely misses you. Something hits you. Something shocks you.
ATTACKING (1,-1)
You hit the jelly.
Your hands burn!
The jelly is severely wounded.
You feel sick.
You are no longer poisoned.
You block the jelly's attack. Something hits you but does no damage.
The jelly barely misses you.
ATTACKING (1,-1)
You hit the jelly. The acid corrodes you!
Your hands burn!
The jelly is almost dead.
Something hits you but does no damage. The jelly hits you but does no damage.
Something hits you but does no damage.
ATTACKING (1,-1)
You sock the jelly!
You kill the jelly!
Qazlal accepts your kill. Something hits you. Something shocks you.
You die...

###.#<......# ..
#.###+##)....... ..
.........####### .#
.........########.####
..............(.((((..
.........######)(.>##
.........# #.(..##
.........# #%{...#
.........# #)6...#
........# #..)...#
.......# #....#.#
#....#..# #....#
#....# .....#


There were no monsters in sight!

Table legend:
 A = Turns spent in this place as a percentage of turns spent in the entire game.
 B = Non-inter-level travel turns spent in this place as a percentage of non-inter-level travel turns spent in the entire game.
 C = Inter-level travel turns spent in this place as a percentage of turns spent in this place.
 D = Turns resting spent in this place as a percentage of non-inter-level travel turns spent in this place.
 E = Turns spent auto-exploring this place as a percentage of non-inter-level travel turns spent in this place.
 F = Non-inter-level travel turns spent in this place divided by the number of levels of this place that you've seen.
                   A       B       C       D       E      F
               +-------+-------+-------+-------+-------+----------------------
         Total | 100.0 | 100.0 |   0.3 |   1.0 |   2.6 | 1182.8
       Dungeon | 100.0 | 100.0 |   0.3 |   1.0 |   2.6 | 1182.8
               +-------+-------+-------+-------+-------+----------------------

Table legend:
 A = Kills in this place as a percentage of kills in entire the game.
 B = Kills by you in this place as a percentage of kills by you in the entire game.
 C = Kills by friends in this place as a percentage of kills by friends in the entire game.
 D = Other kills in this place as a percentage of other kills in the entire game.
 E = Experience gained in this place as a percentage of experience gained in the entire game.
 F = Experience gained in this place divided by the number of levels of this place that you have seen.
                   A       B       C       D       E      F
               +-------+-------+-------+-------+-------+----------------------
         Total | 100.0 | 100.0 |  -nan |  -nan | 100.0 | 271.4
       Dungeon | 100.0 | 100.0 |  -nan |  -nan | 100.0 | 271.4
               +-------+-------+-------+-------+-------+----------------------

Vanquished Creatures
  Sigmund (D:5)
  A phantom (D:4)
  An ogre (D:4)
  A scorpion (D:4)
  A jelly (D:5)
  A hound (D:5)
  3 orc wizards
  A giant frog skeleton (D:4)
  2 worker ants
  13 gnolls
  13 adders
  An ooze (D:3)
  4 worms
  An adder skeleton (D:5)
  2 giant geckos
  10 orcs
  3 ball pythons
  5 bats
  6 giant cockroaches
  9 hobgoblins
  4 jackals (D:3)
  7 giant newts
  9 goblins
  5 kobolds
  3 quokkas
  4 rats
111 creatures vanquished.

Vanquished Creatures (others)
  A human (D:4)
1 creature vanquished.

Grand Total: 112 creatures vanquished

Notes
Turn   | Place    | Note
--------------------------------------------------------------
     0 | D:1      | gw the Demonspawn Fighter began the quest for the Orb.
     0 | D:1      | Reached XP level 1. HP: 18/18 MP: 1/1
   224 | D:1      | Gained mutation: You are slightly more attuned to the shadows. [demonic ancestry]
   224 | D:1      | Reached XP level 2. HP: 21/24 MP: 2/2
   541 | D:1      | Gained mutation: You are surrounded by a mild repulsion field (EV +2). [demonic ancestry]
   541 | D:1      | Reached XP level 3. HP: 29/29 MP: 3/3
   924 | D:2      | Found a stormy altar of Qazlal.
   934 | D:2      | Became a worshipper of Qazlal Stormbringer
  1088 | D:2      | Reached skill level 1 in Throwing
  1088 | D:2      | Reached skill level 1 in Invocations
  1225 | D:2      | Found a sacrificial altar of Ru.
  1508 | D:2      | Reached XP level 4. HP: 35/35 MP: 5/5
  2166 | D:3      | Found a faded altar to an unknown god.
  2234 | D:3      | Reached * piety under Qazlal
  2293 | D:3      | Gained mutation: You are surrounded by a moderate repulsion field (EV +3). [demonic ancestry]
  2293 | D:3      | Reached XP level 5. HP: 38/41 MP: 6/6
  3267 | D:4      | Noticed a phantom
  3294 | D:4      | Killed a phantom
  3294 | D:4      | Reached skill level 4 in Fighting
  3294 | D:4      | Gained mutation: You are surrounded by a strong repulsion field (EV +4, rMsl). [demonic ancestry]
  3294 | D:4      | Reached XP level 6. HP: 48/48 MP: 8/8
  3444 | D:4      | Noticed an ogre
  3447 | D:4      | Killed an ogre
  3534 | D:4      | Gained mutation: Your flesh is cold resistant. [demonic ancestry]
  3534 | D:4      | Reached XP level 7. HP: 54/54 MP: 10/10
  3676 | D:4      | Found an ancient bone altar of Kikubaaqudgha.
  3676 | D:4      | Noticed a human
  3679 | D:4      | Killed a human
  3737 | D:4      | Reached ** piety under Qazlal
  4368 | D:5      | Entered Level 5 of the Dungeon
  4372 | D:5      | Reached skill level 5 in Invocations
  4447 | D:5      | Noticed Sigmund
  4455 | D:5      | Killed Sigmund
  4544 | D:5      | HP: 2/55 [acid (4)]
  4545 | D:5      | Slain by a sky beast

Action                   |  1- 3 |  4- 6 |  7- 9 || total
-------------------------+-------+-------+-------++-------
Melee: Flail             |    74 |   175 |       ||   249
       Morningstar       |       |     6 |    93 ||    99
Throw: Javelin           |    24 |    22 |     6 ||    52
       Stone             |     2 |    86 |     6 ||    94
       Tomahawk          |       |       |    11 ||    11
  Use: Potion            |     4 |       |     1 ||     5
       Scroll            |     3 |     4 |     1 ||     8
  Eat: Chunk             |     2 |     7 |     3 ||    12

Vault maps used:
D:1:      dpeg_arrival_round_c
D:2:      grunt_qazlal_sundering, st_stairs_9, nicolae_ru_sacrificial_ziggurat
D:3:      ecumenical_altar_1
D:4:      first_bread, tgw_kikubaaqudgha
D:5:      lemuel_coloured_pillars_altar, serial_shops, shop, uniq_sigmund
